 Dungeon Crawl Stone Soup version 0.20-a0-853-gabbfcfc (webtiles) character file.

478 M4edhros the Covert (level 7, 0/43 HPs)
             Began as an Octopode Artificer on Mar 11, 2017.
             Succumbed to a worker ant's poison
             ... on level 4 of the Dungeon.
             The game lasted 00:02:52 (1735 turns).

M4edhros the Covert (Octopode Artificer)            Turns: 1735, Time: 00:02:52

Health: 0/43       AC:  1    Str: 12    XL:     7   Next: 11%
Magic:  9/9        EV: 13    Int: 13    God:
Gold:   108        SH:  0    Dex: 14    Spells: 6/6 levels left

rFire    . . .     SeeInvis .   l - +4 short sword (freeze) (curse)
rCold    . . .     Gourm    .   (no shield)
rNeg     . . .     Faith    .   (helmet restricted)
rPois    .         Spirit   .   (no amulet)
rElec    .         Reflect  .   (no ring)
rCorr    .         Harm     .   (no ring)
MR       .....                  (no ring)
Stlth    +++++.....             (no ring)
Regen    0.2/turn               (no ring)
MPRegen  0.2/turn               (no ring)
                                (no ring)
                                (no ring)

@: lethally poisoned (0 -> -2), flying, fainting
A: almost no armour, stealthy swim, amphibious, 8 rings, constrict 8, camouflage
1, gelatinous body 1
a: no special abilities


You were on level 4 of the Dungeon.
You were fainting.

You visited 1 branch of the dungeon, and saw 4 of its levels.

You collected 108 gold pieces.

Inventory:

Hand Weapons
 a - a +0 short sword
 k - a +5 spear of freezing
 l - a cursed +4 short sword of freezing (weapon)
Wands
 b - a wand of flame (15/48)
 c - a wand of enslavement (8/24)
 d - a wand of random effects (13/48)
 j - a wand of flame (38/48)
Scrolls
 e - a scroll of enchant armour {unknown}
 h - 6 scrolls of identify {unknown}
 m - a scroll of fog {unknown}
Potions
 i - a potion of might
Comestibles
 f - 5 bread rations


   Skills:
 - Level 1.0 Fighting
 - Level 1.0 Short Blades
 - Level 2.0 Dodging
 + Level 10.3 Stealth
 - Level 3.2 Evocations


You had 6 spell levels left.
You didn't know any spells.

Dungeon Overview and Level Annotations

Branches:
Dungeon (4/15)
 Temple: D:4-7

Altars:
Sif Muna


Innate Abilities, Weirdness & Mutations

You cannot wear most types of armour.
You are very stealthy in the water. (Stealth+)
You are amphibious.
You can wear up to eight rings at the same time.
You can use your tentacles to constrict eight enemies at once.
Your skin changes colour to match your surroundings (Stealth+).
Your rubbery body absorbs attacks. (AC +1, EV +1)


Message History

* * * LOW HITPOINT WARNING * * *
You feel sick.
* * * LOW HITPOINT WARNING * * *
You feel sick.
* * * LOW HITPOINT WARNING * * *
You feel sick.
* * * LOW HITPOINT WARNING * * *
You feel sick.
* * * LOW HITPOINT WARNING * * *
You feel sick.
* * * LOW HITPOINT WARNING * * *
You feel sick.
* * * LOW HITPOINT WARNING * * *
You feel sick.
Okay, then.
As you read the scroll labeled FASKA NOEPHEO, it crumbles to dust.
It is a scroll of amnesia.
You feel forgetful for a moment.
You are fainting from starvation!
You die...

############### #.......
.....# )..## #....##
#...## #.#...#####
.....## #.........#
......####.....###.#####
........##..#...@.......
......#.##..#.####.#####
............#.# #
#.............#
###.###.#######
###.###.# ........#
.##.###.# .##.###.#


There were no monsters in sight!

Vanquished Creatures
  Sigmund (D:4)
  3 wights (D:4)
  A hound (D:4)
  An iguana (D:4)
  3 worker ants (D:4)
  3 oozes
  A worm (D:2)
  A dart slug (D:1)
  4 leopard geckos
  4 giant cockroaches
  3 goblins
  2 hobgoblins (D:1)
  2 jackals
  A bat (D:3)
  A frilled lizard (D:1)
  3 kobolds
  2 rats (D:1)
36 creatures vanquished.

Vanquished Creatures (collateral kills)
  An adder skeleton (D:4)
  3 orcs (D:4)
4 creatures vanquished.

Vanquished Creatures (others)
  A wight (D:4)
  A hound (D:4)
  An orc wizard (D:4)
  A giant cockroach (D:1)
4 creatures vanquished.

Grand Total: 44 creatures vanquished

Notes
Turn   | Place    | Note
-------+----------+-------------------------------------------
     0 | D:1      | M4edhros the Octopode Artificer began the quest for the Orb.
     0 | D:1      | Reached XP level 1. HP: 13/13 MP: 3/3
     3 | D:1      | Noticed an electric eel
     3 | D:1      | Noticed an electric eel
    23 | D:1      | Reached skill level 2 in Stealth
    40 | D:1      | Reached skill level 3 in Stealth
    40 | D:1      | Reached XP level 2. HP: 11/18 MP: 4/4
   601 | D:1      | Reached skill level 4 in Stealth
   624 | D:2      | Reached XP level 3. HP: 16/23 MP: 5/5
   873 | D:4      | Reached skill level 5 in Stealth
   873 | D:4      | Reached XP level 4. HP: 13/28 MP: 6/6
  1061 | D:4      | Reached skill level 6 in Stealth
  1374 | D:4      | Found a deep blue altar of Sif Muna.
  1380 | D:4      | Reached XP level 5. HP: 32/33 MP: 7/7
  1412 | D:4      | Reached skill level 7 in Stealth
  1436 | D:4      | Reached skill level 8 in Stealth
  1458 | D:4      | Reached XP level 6. HP: 22/38 MP: 8/8
  1471 | D:4      | Noticed Sigmund
  1597 | D:4      | Killed Sigmund
  1597 | D:4      | Reached skill level 10 in Stealth
  1651 | D:4      | Noticed a phantom
  1713 | D:4      | Reached XP level 7. HP: 9/43 MP: 9/9
  1723 | D:4      | HP: 2/43 [poisoned by a worker ant]
  1728 | D:4      | HP: 1/43 [poisoned by a worker ant]
  1735 | D:4      | Succumbed to a worker ant's poison

Vault maps used:
D:1:      arrival_aquarium_b
D:2:      grunt_temple_overflow_gold_and_silver, first_bread, st_stairs_11,
          grunt_ministairs_1
D:3:      nemelex_altar_shiori, st_stairs_12
D:4:      nicolae_overflow_hidden_temple, dk_noncrumbling_4, uniq_sigmund

Skill      XL: |  1  2  3  4  5  6 |
---------------+-------------------+-----
Stealth        | 3 4 5 6 8 10 | 10.3
Fighting       | |  1.0
Short Blades   | |  1.0
Dodging        | |  2.0
Evocations     | |  3.2

Action                   |  1- 3 |  4- 6 |  7- 9 || total
-------------------------+-------+-------+-------++-------
Melee: Short sword       |    64 |    32 |       ||    96
       Constrict         |    14 |     6 |       ||    20
       Tentacles         |     5 |     3 |       ||     8
Evoke: Wand              |     1 |     8 |       ||     9
  Use: Potion            |       |     1 |     1 ||     2
       Scroll            |       |       |     1 ||     1
 Stab: Sleeping          |     6 |     3 |       ||     9
       Distracted        |     1 |       |       ||     1
       Confused          |       |     2 |       ||     2
Armor: Skin              |     6 |       |       ||     6
Dodge: Dodged            |    36 |    24 |       ||    60
